 Dungeon Crawl Stone Soup version 0.16-a0-2939-g3ffa1c3 (webtiles) character file.

54 RobertPalmer the Vexing (level 3, -2/19 HPs)
             Began as a Deep Elf Enchanter on Dec 3, 2014.
             Slain by Sigmund
             ... wielding a +0 scythe
              (16 damage)
             ... on level 2 of the Dungeon.
             The game lasted 00:05:23 (1809 turns).

RobertPalmer the Vexing (Deep Elf Enchanter)        Turns: 1809, Time: 00:05:23

Health: -2/19      AC:  3    Str:  5    XL:     3   Next: 66%
Magic:  2/10       EV: 13    Int: 19    God:
Gold:   62         SH:  0    Dex: 16    Spells: 4 memorised, 0 levels left

rFire  . . .     SeeInvis .     a - +1 dagger
rCold  . . .     Clarity  .     b - +1 robe
rNeg   . . .     SustAb   .     (no shield)
rPois  .         Gourm    .     (no helmet)
rElec  .         Spirit   .     (no cloak)
rCorr  .         Warding  .     (no gloves)
rMut   .         Stasis   .     (no boots)
MR     .....                    (no amulet)
Stlth  +++.......               (no ring)
                                (no ring)

@: not resistant to hostile enchantments, fairly stealthy
A: no striking features
a: no special abilities


You were on level 2 of the Dungeon.
You were hungry.

You visited 1 branch of the dungeon, and saw 2 of its levels.

You collected 62 gold pieces.


   Skills:
 - Level 3.6 Short Blades
 - Level 2.4 Dodging
 - Level 3.6 Stealth
 - Level 3.0 Spellcasting
 + Level 4.0 Hexes


You couldn't memorise any spells.
You knew the following spells:

 Your Spells              Type           Power        Failure   Level  Hunger
x - Confuse               Hex            ###.....     12%         3    ###....
z - Ensorcelled Hibernat  Hex/Ice        ##....       12%         2    ##.....
X - Sure Blade            Hex/Chrm       ##........   12%         2    ##.....
Z - Corona                Hex            ###....      3%          1    None

Inventory:

Hand weapons
 a - a +1 dagger (weapon)
Armour
 b - a +1 robe (worn)
Scrolls
 e - a scroll of blinking {unknown}
 f - 3 scrolls of remove curse {unknown}
 i - 2 scrolls of noise {unknown}
 j - a scroll of enchant weapon {unknown}
 k - 3 scrolls of identify {unknown}
 l - 2 scrolls of teleportation {unknown}
Potions
 g - a potion of restore abilities {unknown}
 h - a potion of curing {unknown}
 n - a potion of might {unknown}
Books
 c - a book of Maledictions
Comestibles
 d - a bread ration
 m - a meat ration

Dungeon Overview and Level Annotations

Branches:
Dungeon (2/15)

Altars:

Annotations:
D:2 Robin, Sigmund

#.###.######.####.# #
#.....#<.....####'#
#.##############.....
####.#...#........'.....
..............#####.....
..................)+.....
...#.#...#.##.#####.....
..#.#.##..#.##..# ####+#
....£...e.#.###.#
....#.###@#.# .. # ..#.#
#.# ..#.# .. ..#.# .....
<.## .. .


You could see Sigmund (confused).


Message History

Aim: Sigmund, wielding a scythe and wearing a robe Sigmund resists with significant effort.
Sigmund points at you and mumbles some strange words.
The magic dart hits you!
Aiming: Confuse
Aim: Sigmund, wielding a scythe and wearing a robe Sigmund resists with significant effort.
You are feeling hungry.
Aiming: Confuse
Aim: Sigmund, wielding a scythe and wearing a robe Sigmund appears confused.
Found a stone staircase leading up.
Sigmund barely misses himself.
Found 9 gold pieces.
You barely miss Sigmund. Sigmund closely misses you.
You hit Sigmund.
Sigmund is lightly wounded.
You hit Sigmund.
Sigmund is lightly wounded.
Sigmund closely misses you.
You barely miss Sigmund.
Sigmund is lightly wounded.
You hit Sigmund but do no damage.
Sigmund is lightly wounded.
You hit Sigmund but do no damage.
Sigmund is lightly wounded.
Sigmund mumbles something.
Sigmund hits you with a scythe!
Ouch! That really hurt!
You die...

Action                   || total
-------------------------++-------
Melee: Dagger            ||   141
 Cast: Corona            ||     6
       Ensorcelled Hiber ||    10
       Confuse           ||     3
 Stab: Sleeping          ||     5
       Distracted        ||     1
  Eat: Chunk             ||     3

Vault maps used:
D:1:      mrwooster_arrival_arrow, minmay_misc_feat_chi, minmay_unequal
D:2:      nicolae_overflow_hidden_temple, lightli_temple_of_fire,
          fedhas_altar_fruit_tree, uniq_jessica, uniq_robin, uniq_sigmund

Notes
Turn   | Place    | Note
--------------------------------------------------------------
     0 | D:1      | RobertPalmer, the Deep Elf Enchanter, began the quest for the Orb.
     0 | D:1      | Reached XP level 1. HP: 10/10 MP: 5/5
    63 | D:1      | HP: 1/10 [hobgoblin (4)]
   552 | D:1      | Reached skill level 2 in Short Blades
   562 | D:1      | HP: 1/10 [giant cockroach (1)]
   566 | D:1      | Reached XP level 2. HP: 1/15 MP: 8/8
   851 | D:1      | Learned a level 2 spell: Ensorcelled Hibernation
  1309 | D:1      | Reached skill level 3 in Short Blades
  1309 | D:1      | Reached XP level 3. HP: 12/19 MP: 8/10
  1623 | D:2      | Noticed Jessica
  1626 | D:2      | Noticed Robin
  1721 | D:2      | Killed Jessica
  1732 | D:2      | Learned a level 3 spell: Confuse
  1735 | D:2      | Learned a level 2 spell: Sure Blade
  1796 | D:2      | Noticed Sigmund
  1809 | D:2      | Slain by Sigmund

Vanquished Creatures
  Jessica (D:2)
  A giant gecko (D:1)
  A ball python (D:1)
  4 hobgoblins (D:1)
  3 jackals (D:1)
  2 kobolds (D:1)
  6 bats
  A giant cockroach (D:1)
  A giant newt (D:1)
  8 goblins (D:1)
  5 rats
33 creatures vanquished.
